 Dungeon Sprint DCSS version 0.30.1-5-ged363bc7ee (webtiles) character file.

Game seed: 11307444988027599652

3284 Heoruswealwe the Protected (level 9, -9/95 HPs)
             Began as a Minotaur Fighter on Sept 19, 2023.
             Was a High Priest of the Shining One.
             Mangled by a war gargoyle
             ... wielding a +0 morningstar
              (23 damage)
             ... in the Dungeon (Sprint V: "Ziggurat Sprint").
             The game lasted 00:09:12 (243 turns).

Heoruswealwe the Protected (Minotaur Fighter)        Turns: 243, Time: 00:09:12

Health: -9/95      AC: 27    Str: 37    XL:     9   Next: 69%
Magic:  8/8        EV:  2    Int:  5    God:    the Shining One [*****.]
Gold:   0          SH: 30    Dex: 10    Spells: 8/8 levels left

rFire   + + .        a - +8 lance "Wyrmbane" {slay drac, rPois rF+ rC+ AC+3}
rCold   + + .        d - +18 shield of the Gong {Loud rN+ Will+ rCorr EV-5}
rNeg    + + +        c - +5 gold dragon scales
rPois   +            (helmet restricted)
rElec   .            (no cloak)
rCorr   +            (no gloves)
SInv    .            (no boots)
Will    +....        (no amulet) Stlth
                     k - +6 ring of strength
HPRegen 0.35/turn    j - +6 ring of strength
MPRegen 0.11/turn

%: no teleportation
@: glowing
A: horns 2, retaliatory headbutt
a: Renounce Religion, Divine Shield, Cleansing Flame, Summon Divine Warrior


You were in the Dungeon.
You worshipped the Shining One.
The Shining One was extremely pleased with you.
You visited 1 branch

Inventory:

Hand Weapons
 a - the +8 lance "Wyrmbane" (weapon) {slay drac, rPois rF+ rC+ AC+3}
   (You found it in the Dungeon)

   AC:        It affects your AC (+3).
   rF:        It protects you from fire.
   rC:        It protects you from cold.
   rPois:     It protects you from poison.
 b - a +5 demon trident
Armour
 c - +5 gold dragon scales (worn)
 d - the +18 shield of the Gong (worn) {Loud rN+ Will+ rCorr EV-5}
   (You found it in the Dungeon)

   Loud:      It is deafeningly noisy when blocking attacks.
   EV:        It affects your evasion (-5).
   rN:        It protects you from negative energy.
   rCorr:     It protects you from acid and corrosion.
   Will:      It increases your willpower.
 l - the +15 Maxwell's patent armour {-Cast -Tele rElec Will+ rCorr}
   (You found it in the Dungeon)

   rElec:     It insulates you from electricity.
   -Cast:     It prevents spellcasting.
   -Tele:     It prevents most forms of teleportation.
   rCorr:     It protects you from acid and corrosion.
   Will:      It increases your willpower.
Jewellery
 j - a +6 ring of strength (right hand)
 k - a +6 ring of strength (left hand)
Scrolls
 A - 4 scrolls of blinking
Potions
 e - 10 potions of curing
 f - 3 potions of heal wounds
 g - 6 potions of haste
 i - 3 potions of berserk rage
 m - 4 potions of resistance
 C - 2 potions of invisibility
 D - 6 potions of might


   Skills:
 + Level 14.0 Fighting
 + Level 13.7 Polearms
 + Level 14.0 Armour
 + Level 14.0 Shields


You had 8 spell levels left.
You didn't know any spells.
Your spell library was empty.

Dungeon Overview and Level Annotations

Branches:
Dungeon (1/1)

Altars:
Ashenzari
Cheibriados
Dithmenos
Elyvilon
Fedhas
Gozag
Hepliaklqana
Kikubaaqudgha
Makhleb
Nemelex Xobeh
Okawaru
Qazlal
Ru
Sif Muna
Trog
Uskayaw
Vehumet
Wu Jian
Xom
Yredelemnul
Zin
The Shining One
Jiyva
Lugonu

Annotations:
D 1 transporter


Innate Abilities, Weirdness & Mutations

You have a pair of horns on your head.
You reflexively headbutt those who attack you in melee.


Message History

PANG!
You block the ice devil's attack.
PANG!
The stone giant hits you.
* * * LOW HITPOINT WARNING * * *
You block the neqoxec's attack.
GONNNNG!
You block the ettin's attack.
GONNNNG!
You block the ettin's attack.
PANG!
The merfolk hits you but does no damage.
You feel much better. You block the war gargoyle's attack.
BONNNG!
You block the ice devil's attack.
GONNNNG!
The stone giant hits you but does no damage.
You block the ettin's attack.
SHROANNG!
You block the ettin's attack.
PTOANNNG!
The merfolk hits you but does no damage.
The neqoxec gestures at you.
Something tries to feed on your intellect!
The war gargoyle hits you but does no damage.
You puncture the ettin!
The ettin is almost dead.
You block the merfolk's attack.
BONNNG!
You block the ice devil's attack.
GONNNNG!
You block the ettin's attack.
GONNNNG!
The ettin hits you with a +0 dire flail!!
* * * LOW HITPOINT WARNING * * *
You block the stone giant's attack.
BONNNG!
The neqoxec hits you but does no damage.
The war gargoyle hits you with a +0 morningstar!!
You die...

▓▓▓▓▓▓▓▓▓▓▓▓▓▓▓▓▓▓▓
▓.8©8.▓.8©8.▓.8©8.▓
▓.:[).▓.[?).▓.....▓
▓../..▓.....▓.=.).▓
▓.....▓.....▓.....▓
▓..m..▓.....▓..†..▓
▓.34C.▓.††).▓..©..▓
▓ZC@9.▓..©..▓▓▓▓▓▓▓
▓▓▓▓▓▓▓▓▓▓▓▓▓


You could see a stone giant (soul bound), an ettin (soul bound), a merfolk (soul
bound), a war gargoyle, an ice devil, a neqoxec and a yaktaur captain
simulacrum.

Vanquished Creatures
  A yaktaur captain (D)
  A great orb of eyes (D)
  An ironbound convoker (D)
  A necromancer (D)
  A wizard (D)
  An apocalypse crab (D)
  A spriggan (D)
  A black bear (D)
  A wolf (D)
  An ufetubus (D)
10 creatures vanquished.

Notes
Turn   | Place    | Note
-------+----------+-------------------------------------------
     0 | D        | Heoruswealwe the Minotaur Fighter began the quest for the
                  | Orb.
     0 | D        | Reached XP level 1. HP: 19/19 MP: 0/0
     0 | D        | Found a shimmering blue altar of Sif Muna.
     0 | D        | Found a sacrificial altar of Ru.
     0 | D        | Found a bloodstained altar of Trog.
     0 | D        | Found a stormy altar of Qazlal.
     0 | D        | Found an iron altar of Okawaru.
     0 | D        | Found a sparkling altar of Nemelex Xobeh.
     0 | D        | Found a blossoming altar of Fedhas.
     0 | D        | Found the +6 Majin-Bo {spellvamp, MP+6 Int+6}
     0 | D        | Found the +27 heavy crossbow "Sniper" {heavy, Acc+∞ SInv}
     0 | D        | Found the +10 dark maul {heavy}
     0 | D        | Found the +15 Maxwell's patent armour {-Cast -Tele rElec
                  | Will+ rCorr}
     0 | D        | Found the +18 shield of the Gong {Loud rN+ Will+ rCorr
                  | EV-5}
     0 | D        | Found the +16 obsidian axe {drain, demonic, Mesm Drain Fly
                  | SInv}
     0 | D        | Found the +7 great mace "Firestarter" {flame, immolate,
                  | rFlCloud rF++}
     0 | D        | Found the +6 shillelagh "Devastator" {shatter}
     0 | D        | Found the +11 plutonium sword {Contam Stlth-}
     0 | D        | Found the +8 lance "Wyrmbane" {slay drac, rPois rF+ rC+
                  | AC+3}
     0 | D        | Found the +9 sword of Zonguldrok {reap}
     0 | D        | Found the +13 scythe of Curses {drain, curses, Drain}
     0 | D        | Found the +9 sword of Power {lifebolt}
     0 | D        | Found the +7 mace of Variability {chaos, chaos arc}
     0 | D        | Found the +11 Singing Sword {sonic wave}
     0 | D        | Found the +8 storm bow {elec, penet}
     2 | D        | Found a transporter.
     2 | D        | Found an ancient bone altar of Kikubaaqudgha.
     2 | D        | Found a viscous altar of Jiyva.
     2 | D        | Found a corrupted altar of Lugonu.
     2 | D        | Found a hazy altar of Hepliaklqana.
     2 | D        | Found a burning altar of Makhleb.
     2 | D        | Found an opulent altar of Gozag.
     4 | D        | Reached skill level 5 in Fighting
     4 | D        | Reached skill level 5 in Polearms
     4 | D        | Reached skill level 5 in Armour
     4 | D        | Reached skill level 5 in Shields
     4 | D        | Reached XP level 2. HP: 30/30 MP: 1/1
   108 | D        | Became a worshipper of the Shining One
   121 | D        | Entered arena 2.
   121 | D        | Noticed an apocalypse crab
   121 | D        | Reached * piety under the Shining One
   121 | D        | Found a transporter.
   129 | D        | Killed an apocalypse crab
   130 | D        | Reached XP level 3. HP: 35/42 MP: 2/2
   130 | D        | Reached XP level 4. HP: 41/50 MP: 3/3
   130 | D        | Reached XP level 5. HP: 47/57 MP: 4/4
   130 | D        | Reached XP level 6. HP: 52/63 MP: 5/5
   184 | D        | Entered arena 3.
   184 | D        | Reached ** piety under the Shining One
   184 | D        | Noticed a spriggan
   184 | D        | Found a transporter.
   191 | D        | Reached skill level 10 in Fighting
   191 | D        | Reached skill level 10 in Armour
   191 | D        | Reached skill level 10 in Shields
   191 | D        | Reached XP level 7. HP: 72/72 MP: 6/6
   192 | D        | Killed a spriggan
   193 | D        | Reached skill level 10 in Polearms
   209 | D        | Entered arena 4.
   209 | D        | Noticed a great orb of eyes
   209 | D        | Noticed a wizard
   209 | D        | Reached *** piety under the Shining One
   209 | D        | Noticed an ironbound convoker
   209 | D        | Noticed a yaktaur captain
   209 | D        | Found a transporter.
   213 | D        | Killed a wizard
   214 | D        | Reached XP level 8. HP: 82/82 MP: 7/7
   217 | D        | Killed a great orb of eyes
   220 | D        | Noticed an ettin
   220 | D        | Reached **** piety under the Shining One
   220 | D        | Noticed a necromancer
   221 | D        | Noticed a war gargoyle
   221 | D        | Noticed an ice devil
   221 | D        | Reached ***** piety under the Shining One
   221 | D        | Noticed a merfolk
   221 | D        | Noticed a stone giant
   222 | D        | Killed an ironbound convoker
   223 | D        | Reached XP level 9. HP: 93/93 MP: 8/8
   229 | D        | Killed a yaktaur captain
   237 | D        | Killed a necromancer
   240 | D        | HP: 4/95 [war gargoyle/+0 morningstar (1)]
   243 | D        | Mangled by a war gargoyle

Illustrated notes

Levels and vault maps discovered:
D:        sprint_v [room_start, room_1, room_2, room_3, room_4, room_5, room_6,
          room_7, room_8, room_9, room_10, room_11, room_12, room_13, room_14,
          room_15, room_16, room_17, room_18, room_19, room_20, room_21,
          room_22, room_23, room_24, room_25, room_26, room_27]

Skill      XL: |  1  2  3  4  5  6  7  8  9 |
---------------+----------------------------+-----
Fighting       | 5 9 10 11 13 14 | 14.0
Polearms       | 5 8 9 11 12 13 | 13.7
Armour         | 5 9 10 11 13 14 | 14.0
Shields        | 5 9 10 11 13 14 | 14.0

Action                     |  1- 3 |  4- 6 |  7- 9 || total
---------------------------+-------+-------+-------++-------
  Melee: Lance             |     8 |     5 |    29 ||    42
         Headbutt          |     2 |     1 |     9 ||    12
    Use: Potion            |     1 |       |     7 ||     8
 Armour: Gold dragon scale |     1 |     4 |    24 ||    29
  Dodge: Dodged            |       |       |     4 ||     4
  Block: Kite shield       |     6 |     4 |    58 ||    68
